 Dungeon Crawl Stone Soup version 0.20-b1-14-g8425815 (webtiles) character file.

667 tof the Skirmisher (level 7, -1/60 HPs)
             Began as a Barachi Fighter on May 23, 2017.
             Slain by a hound (3 damage)
             ... on level 4 of the Dungeon.
             The game lasted 00:08:00 (3350 turns).

tof the Skirmisher (Barachi Fighter)                Turns: 3350, Time: 00:08:00

Health: -1/60      AC:  8    Str: 17    XL:     7   Next: 57%
Magic:  7/7        EV:  9    Int:  8    God:
Gold:   241        SH:  9    Dex: 14    Spells: 6/6 levels left

rFire    + . .     SeeInvis .   a - +0 flail
rCold    + . .     Gourm    .   c - +0 shield
rNeg     . . .     Faith    .   b - +0 scale mail
rPois    .         Spirit   .   (no helmet)
rElec    .         Reflect  .   x - scarf {rC+ rF+}
rCorr    .         Harm     .   r - +0 pair of gloves
MR       .....                  (no boots)
Stlth    ..........             g - amulet of regeneration
Regen    0.6/turn               n - +2 ring of evasion
MPRegen  0.1/turn               (no ring)

@: about to teleport, can't hop, slow
A: +LOS, swims, slowness 1, strong legs 1
a: Hop


You were on level 4 of the Dungeon.
You were not hungry.

You visited 2 branches of the dungeon, and saw 6 of its levels.

You collected 241 gold pieces.

Inventory:

Hand Weapons
 a - a +0 flail (weapon)
Armour
 b - a +0 scale mail (worn)
 c - a +0 shield (worn)
 r - a +0 pair of gloves (worn)
 x - a scarf of resistance (worn)
Jewellery
 g - an amulet of regeneration (around neck)
 n - a +2 ring of evasion (left hand)
 A - a +5 amulet of reflection
 B - a +2 amulet of reflection
Wands
 t - a wand of lightning (11/15)
Scrolls
 e - a scroll of enchant weapon {unknown}
 h - a scroll of recharging {unknown}
 l - 2 scrolls of remove curse
 s - a scroll of teleportation
 y - 3 scrolls of identify {unknown}
 z - a scroll of fog {unknown}
Potions
 d - 2 potions of might
 i - 5 potions of curing {unknown}
 k - a potion of lignification {unknown}
 m - 2 potions of ambrosia {unknown}
 o - a potion of resistance {unknown}
 p - 2 potions of agility {unknown}
 C - a potion of heal wounds {unknown}
Comestibles
 f - 4 bread rations
 j - 4 fruits
 q - 3 meat rations
 u - 3 chunks of flesh
 w - a royal jelly


   Skills:
 * Level 7.1 Fighting
 * Level 5.8 Maces & Flails
 + Level 5.4 Armour
 - Level 3.4 Shields


You had 6 spell levels left.
You didn't know any spells.

Dungeon Overview and Level Annotations

Branches:
Dungeon (5/15)             Temple (1/1) D:4

Altars:
Ashenzari
Cheibriados
Elyvilon
Fedhas
Gozag
Kikubaaqudgha
Nemelex Xobeh
Okawaru
Qazlal
Ru
Sif Muna
Trog
Uskayaw
Vehumet
Xom
Yredelemnul
Zin


Innate Abilities, Weirdness & Mutations

Shadows flee at your approach. (+LOS)
You can swim through water.
You cover ground slowly.
You can hop short distances.


Message History

You feel strangely unstable.
It was a scroll of teleportation.
The gnoll hits you but does no damage. The hound barely misses you.
The howler monkey closely misses you.
The gnoll shaman hits you but does no damage.
You block the gnoll's attack.
The gnoll hits you but does no damage. x2
The hound bites you but does no damage.
As you read the scroll labeled IDEEL INAMAV, it crumbles to dust.
You feel momentarily disoriented.
It was a scroll of magic mapping.
You block the howler monkey's attack. You block the gnoll's attack.
The gnoll shaman hits you but does no damage.
The hound bites you.
* * * LOW HITPOINT WARNING * * *
You block the gnoll's attack. The gnoll hits you with a flail!
* * * LOW HITPOINT WARNING * * *
The howler monkey hoots and howls with incredible vigour!
Some of the chunks of flesh in your inventory have rotted away.
The gnoll hits you but does no damage. The gnoll hits you.
* * * LOW HITPOINT WARNING * * *
The hound bites you.
You die...

#...#...#.....#.......# ###
#...#...#.....#.......#
..###...#...########......#
#.......#...##....##......#
#.###...#....#....#.......#
#.# #...#....#....#.......#
'.# #...#....#g.g.#..(....#
#.# ##..##...#hhg.#.......#
#.# #####...#.g@.#.......#
#.# #....'....#..>....# ..#
#....#....#.......# ###
##...#....#.......#
##...#....#.......#
#....#....#.......#
#....#....'.......#
##...#....#.(.....#
##...#....#.......#


You could see a gnoll shaman, a howler monkey, a hound and 3 gnolls.

Vanquished Creatures
  A centaur (D:5)
  A water moccasin zombie (D:4)
  A scorpion (D:5)
  The ghost of dscm the Skirmisher, a weakling HOFi (D:4)
  A centaur zombie (D:4)
  An orc priest (D:4)
  A hound (D:5)
  3 orc wizards
  Jessica (D:3)
  2 iguanas
  3 worker ants
  A hound skeleton (D:5)
  A worker ant zombie (D:5)
  2 adders
  An ooze (D:2)
  An adder skeleton (D:4)
  A worm (D:3)
  2 dart slugs (D:1)
  8 leopard geckos
  9 orcs
  3 giant cockroaches
  A goblin (D:2)
  5 hobgoblins
  4 bats
  3 frilled lizards
  5 kobolds
  A quokka skeleton (D:5)
  2 rats
66 creatures vanquished.

Notes
Turn   | Place    | Note
-------+----------+-------------------------------------------
     0 | D:1      | tof the Barachi Fighter began the quest for the Orb.
     0 | D:1      | Reached XP level 1. HP: 18/18 MP: 1/1
   175 | D:1      | Reached XP level 2. HP: 25/25 MP: 2/2
   287 | D:1      | Reached skill level 4 in Fighting
   558 | D:2      | Found an iron altar of Okawaru.
   571 | D:2      | Reached XP level 3. HP: 27/30 MP: 3/3
  1367 | D:3      | Reached XP level 4. HP: 33/38 MP: 4/4
  1372 | D:3      | Noticed Jessica
  1388 | D:3      | Killed Jessica
  1471 | D:3      | Found a white marble altar of Elyvilon.
  1622 | D:3      | Found a radiant altar of Vehumet.
  1622 | D:3      | Found an opulent altar of Gozag.
  1629 | D:3      | Found a sparkling altar of Nemelex Xobeh.
  1631 | D:3      | Found a faded altar of an unknown god.
  1633 | D:3      | Found a faded altar of an unknown god.
  1672 | D:3      | Found a blossoming altar of Fedhas.
  1841 | D:3      | Reached skill level 5 in Fighting
  1919 | D:3      | Reached XP level 5. HP: 22/44 MP: 5/5
  2085 | D:4      | Found a staircase to the Ecumenical Temple.
  2140 | D:4      | Reached XP level 6. HP: 51/51 MP: 6/6
  2189 | Temple   | Entered the Ecumenical Temple
  2429 | D:4      | Noticed dscm's ghost (weakling HOFi)
  2438 | D:4      | Killed dscm's ghost
  2438 | D:4      | Reached skill level 5 in Armour
  2505 | D:4      | Reached skill level 6 in Fighting
  2550 | D:4      | Reached skill level 5 in Maces & Flails
  2947 | D:5      | Entered Level 5 of the Dungeon
  3012 | D:5      | Reached XP level 7. HP: 59/59 MP: 7/7
  3152 | D:5      | Reached skill level 7 in Fighting
  3276 | D:5      | Found a sacrificial altar of Ru.
  3350 | D:4      | HP: 2/60 [gnoll (4)]
  3350 | D:4      | Slain by a hound

Skill      XL: |  1  2  3  4  5  6  7 |
---------------+----------------------+-----
Fighting       | 4 5 6 7 |  7.1
Maces & Flails | 3 4 5 |  5.8
Armour         | 4 5 |  5.4
Shields        | |  3.4

Action                   |  1- 3 |  4- 6 |  7- 9 || total
-------------------------+-------+-------+-------++-------
Melee: Flail             |    69 |   153 |    38 ||   260
 Abil: Hop               |       |       |     1 ||     1
  Use: Scroll            |       |       |     3 ||     3
  Eat: Chunk             |     2 |     6 |     2 ||    10
Armor: Scale mail        |    32 |    77 |    60 ||   169
Dodge: Dodged            |    30 |    58 |    47 ||   135
Block: Shield            |    29 |    76 |    51 ||   156
